IL
NORFOLK TIDES @ FRESNO GRIZZLIES
05/17/2048
 
TOP OF THE 1ST
Norfolk Tides batting - Pitching for Fresno Grizzlies : RHP Pete Rance
Pitching: RHP Pete Rance
Batting: RHB Bobby Scholl 0-0: Ball
1-0: DOUBLE (Groundball, 5L, EV 95.0 MPH)
Batting: LHB Jose Chinchilla 0-0: Ball
1-0: Called Strike
1-1: Ball
2-1: Ball
3-1: Fly out, F8 (Line Drive, 89M, EV 91.2 MPH)
Batting: RHB Kory Sanchez 0-0: Ball
1-0: Swinging Strike
1-1: Called Strike
1-2: Ball
2-2: Strikes out swinging
Batting: RHB Muneer Maudad 0-0: Ball
1-0: Called Strike
1-1: Called Strike
1-2: Strikes out swinging
Top of the 1st over - 0 runs, 1 hit, 0 errors, 1 left on base; Norfolk 0 - Fresno 0
BOTTOM OF THE 1ST
Fresno Grizzlies batting - Pitching for Norfolk Tides : RHP Matt Talaski
Pitching: RHP Matt Talaski
Batting: SHB Bryan Johnston 0-0: Ball
1-0: Ball
2-0: Called Strike
2-1: Ground out U3 (Groundball, 3S, EV 81.9 MPH)
Batting: RHB Xavier Castaneda 0-0: SINGLE (Groundball, 56D, EV 99.4 MPH)
Batting: LHB Jimmy Edlin 0-0: Called Strike
Xavier Castaneda steals 2nd base
0-1: Ball
1-1: Ball
2-1: Foul Ball, location: 2F
2-2: Ball
3-2: Foul Ball, location: 2F
3-2: Strikes out swinging
Batting: RHB Elijah Hunter 0-0: SINGLE (Flyball, 8RS, EV 91.9 MPH) - OUT at second base trying to stretch hit.
Xavier Castaneda scores
Bottom of the 1st over - 1 run, 2 hits, 0 errors, 0 left on base; Norfolk 0 - Fresno 1
TOP OF THE 2ND
Norfolk Tides batting - Pitching for Fresno Grizzlies : RHP Pete Rance
Batting: LHB Wes Goscinski 0-0: Foul Ball, location: 2F
0-1: Swinging Strike
0-2: SINGLE (Groundball, 4MD, EV 98.8 MPH)
Batting: RHB Mario Saez 0-0: Ball
1-0: Ball
2-0: Called Strike
2-1: Foul Ball, location: 2F
2-2: Fly out, F8 (Line Drive, 8LD, EV 98.8 MPH)
Batting: SHB Ben Pierce 0-0: Ball
1-0: Ball
2-0: Called Strike
2-1: Fly out, F8 (Flyball, 8RS, EV 85.6 MPH)
Batting: RHB Travis Carter 0-0: Called Strike
0-1: Ball
1-1: SINGLE (Groundball, 34S, EV 84.4 MPH) (infield hit)
Wes Goscinski to second
Batting: LHB Tyler Allen 0-0: Ground out 4-3 (Groundball, 4, EV 101.2 MPH)
Top of the 2nd over - 0 runs, 2 hits, 0 errors, 2 left on base; Norfolk 0 - Fresno 1
BOTTOM OF THE 2ND
Fresno Grizzlies batting - Pitching for Norfolk Tides : RHP Matt Talaski
Batting: RHB Marty King 0-0: Foul Ball, location: 2F
0-1: Ball
1-1: DOUBLE (Line Drive, 89D, EV 108.8 MPH)
Batting: SHB Paskar Adegoke 0-0: Ground out 3-1 (Groundball, 34, EV 103.8 MPH)
Marty King to third
Batting: RHB Mark Marks 0-0: Ball
1-0: Called Strike
1-1: Ball
2-1: Ball
3-1: Ground out 6-3 (Groundball, 6M, EV 80.6 MPH)
Marty King scores
Batting: RHB Nick Deegan 0-0: Called Strike
0-1: Called Strike
0-2: Ball
1-2: Strikes out swinging
Bottom of the 2nd over - 1 run, 1 hit, 0 errors, 0 left on base; Norfolk 0 - Fresno 2
TOP OF THE 3RD
Norfolk Tides batting - Pitching for Fresno Grizzlies : RHP Pete Rance
Batting: RHB Bobby Scholl 0-0: Swinging Strike
0-1: Ball
1-1: Foul Ball, location: 2F
1-2: Ground out 4-3 (Groundball, 4, EV 103.1 MPH)
Batting: LHB Jose Chinchilla 0-0: Called Strike
0-1: Called Strike
0-2: Ball
1-2: Ball
2-2: Fly out, F8 (Flyball, 8RM, EV 91.9 MPH)
Batting: RHB Kory Sanchez 0-0: Foul Ball, location: 2F
0-1: Ball
1-1: Ball
2-1: Foul Ball, location: 2F
2-2: SINGLE (Groundball, 6MD, EV 102.5 MPH)
Batting: RHB Muneer Maudad 0-0: Foul Ball, location: 2F
0-1: Fly out, F7 (Flyball, 7LM, EV 96.2 MPH)
Top of the 3rd over - 0 runs, 1 hit, 0 errors, 1 left on base; Norfolk 0 - Fresno 2
BOTTOM OF THE 3RD
Fresno Grizzlies batting - Pitching for Norfolk Tides : RHP Matt Talaski
Batting: RHB Edgar Trejo 0-0: Ball
1-0: Ball
2-0: SINGLE (Groundball, 6S, EV 96.9 MPH)
Batting: SHB Bryan Johnston 0-0: Called Strike
0-1: Ball
1-1: Foul Ball, location: 2F
1-2: Foul Ball, location: 2F
1-2: Ball
2-2: Ball
3-2: Foul Ball, location: 2F
3-2: Strikes out swinging
Edgar Trejo steals 2nd base
Batter strikes out.
Batting: RHB Xavier Castaneda 0-0: Ball
1-0: Ball
2-0: Fly out, F5 (Line Drive, 5, EV 63.1 MPH)
Batting: LHB Jimmy Edlin 0-0: Called Strike
0-1: Swinging Strike
0-2: Strikes out swinging
Bottom of the 3rd over - 0 runs, 1 hit, 0 errors, 1 left on base; Norfolk 0 - Fresno 2
TOP OF THE 4TH
Norfolk Tides batting - Pitching for Fresno Grizzlies : RHP Pete Rance
Batting: LHB Wes Goscinski 0-0: Called Strike
0-1: Ball
1-1: Ball
2-1: SINGLE (Groundball, 4D, EV 103.8 MPH)
Batting: RHB Mario Saez 0-0: Swinging Strike
0-1: Ball
1-1: Ball
2-1: Swinging Strike
2-2: Strikes out swinging
Batting: SHB Ben Pierce 0-0: Ball
1-0: Ball
2-0: Foul Ball, location: 2F
2-1: Ball
3-1: Base on Balls
Wes Goscinski to second
Batting: RHB Travis Carter 0-0: Ball
1-0: Ball
2-0: Foul Ball, location: 2F
2-1: Called Strike
2-2: Fly out, F8 (Flyball, 8RXD, EV 104.4 MPH)
Runner from 2nd tags up, SAFE at 3rd, no throw by CF
Batting: LHB Tyler Allen 0-0: Ball
1-0: Swinging Strike
1-1: Called Strike
1-2: Foul Ball, location: 2F
1-2: Ball
2-2: Ball
3-2: SINGLE (Groundball, 56D, EV 94.4 MPH)
Wes Goscinski scores
Ben Pierce to second
Ben Pierce to third
Batting: RHB Bobby Scholl 0-0: Ground out 4-3 (Groundball, 4, EV 82.5 MPH)
Top of the 4th over - 1 run, 2 hits, 0 errors, 2 left on base; Norfolk 1 - Fresno 2
BOTTOM OF THE 4TH
Fresno Grizzlies batting - Pitching for Norfolk Tides : RHP Matt Talaski
Batting: RHB Elijah Hunter 0-0: Ball
1-0: Swinging Strike
1-1: Ball
2-1: Ground out 6-3 (Groundball, 6, EV 100.0 MPH)
Batting: RHB Marty King 0-0: Ball
1-0: Swinging Strike
1-1: Foul Ball, location: 2F
1-2: Ball
2-2: Strikes out looking
Batting: SHB Paskar Adegoke 0-0: Called Strike
0-1: Ball
1-1: Ground out 6-3 (Groundball, 6M, EV 84.4 MPH)
Bottom of the 4th over - 0 runs, 0 hits, 0 errors, 0 left on base; Norfolk 1 - Fresno 2
TOP OF THE 5TH
Norfolk Tides batting - Pitching for Fresno Grizzlies : RHP Pete Rance
Batting: LHB Jose Chinchilla 0-0: Called Strike
0-1: Called Strike
0-2: Ball
1-2: SINGLE (Line Drive, 3D, EV 101.9 MPH)
Batting: RHB Kory Sanchez 0-0: Ball
1-0: Ball
2-0: Called Strike
2-1: Fielders Choice at 2nd, 4-6 (Groundball, 34, EV 107.5 MPH)
Batting: RHB Muneer Maudad 0-0: Ball
1-0: Ball
2-0: Ball
3-0: Called Strike
3-1: Base on Balls
Kory Sanchez to second
Pitching: LHP Curt Joseph
Batting: LHB Wes Goscinski 0-0: Swinging Strike
0-1: Ball
1-1: Swinging Strike
1-2: Fly out, F9 (Flyball, 9S, EV 88.8 MPH)
Batting: RHB Mario Saez 0-0: Ball
1-0: Foul Ball, location: 2F
1-1: Ball
2-1: Ball
3-1: Called Strike
3-2: Strikes out swinging
Top of the 5th over - 0 runs, 1 hit, 0 errors, 2 left on base; Norfolk 1 - Fresno 2
BOTTOM OF THE 5TH
Fresno Grizzlies batting - Pitching for Norfolk Tides : RHP Matt Talaski
Batting: RHB Mark Marks 0-0: Foul Ball, location: 2F
0-1: Ball
1-1: Ball
2-1: Ball
3-1: Ground out 5-3 (Groundball, 56S, EV 83.8 MPH)
Batting: RHB Nick Deegan 0-0: Called Strike
0-1: Ball
1-1: Ground out 1-3 (Groundball, 15S, EV 70.6 MPH)
Batting: RHB Edgar Trejo 0-0: Ball
1-0: Ball
2-0: Ball
3-0: Called Strike
3-1: Fly out, F8 (Line Drive, 8RM, EV 88.1 MPH)
Bottom of the 5th over - 0 runs, 0 hits, 0 errors, 0 left on base; Norfolk 1 - Fresno 2
TOP OF THE 6TH
Norfolk Tides batting - Pitching for Fresno Grizzlies : LHP Curt Joseph
Batting: SHB Ben Pierce 0-0: Called Strike
0-1: Ball
1-1: DOUBLE (Line Drive, 9LS, EV 96.9 MPH)
Batting: RHB Travis Carter 0-0: Ball
1-0: Ball
2-0: Swinging Strike
2-1: Ball
3-1: Swinging Strike
3-2: Base on Balls
Pinch Hitting: SHB Brian Bentz 0-0: Ball
1-0: Foul Ball, location: 2F
1-1: Foul Ball, location: 2F
1-2: Ball
2-2: Ball
3-2: Foul Ball, location: 2F
3-2: Strikes out looking
Batting: RHB Bobby Scholl 0-0: Ball
1-0: Foul Ball, location: 2F
1-1: Ball
2-1: Ball
3-1: Called Strike
3-2: SINGLE (Groundball, 56D, EV 93.8 MPH)
Ben Pierce to third
Travis Carter to second
Runner from 3rd tries for Home, SAFE, throw by LF to home
Pinch Hitting: RHB Ashton Holloway 0-0: Called Strike
0-1: Ball
1-1: Ball
2-1: Ball
3-1: Called Strike
3-2: Foul Ball, location: 2F
3-2: Foul Ball, location: 2F
3-2: Fly out, F8 (Flyball, 78M, EV 90.6 MPH)
Batting: RHB Kory Sanchez 0-0: Foul Ball, location: 2F
0-1: Foul Ball, location: 2F
0-2: Ball
1-2: SINGLE (Groundball, 34D, EV 103.8 MPH)
Travis Carter to third
Bobby Scholl to second
Batting: RHB Muneer Maudad 0-0: Called Strike
0-1: SINGLE (Groundball, 6D, EV 100.6 MPH)
Travis Carter scores
Bobby Scholl to third
Kory Sanchez to second
Runner from 3rd tries for Home, SAFE, throw by LF to home
Batting: LHB Wes Goscinski 0-0: Ball
1-0: Called Strike
1-1: Ball
2-1: Ground out U3 (Groundball, 23, EV 86.9 MPH)
Top of the 6th over - 3 runs, 4 hits, 0 errors, 2 left on base; Norfolk 4 - Fresno 2
BOTTOM OF THE 6TH
Fresno Grizzlies batting - Pitching for Norfolk Tides : RHP Matt Talaski
Now at 3B: Andy Bridger
Now in CF: James Betron
Batting: SHB Bryan Johnston 0-0: SINGLE (Line Drive, 7LS, EV 105.6 MPH)
Batting: RHB Xavier Castaneda 0-0: Called Strike
0-1: Called Strike
0-2: SINGLE (Groundball, 56S, EV 71.2 MPH) (infield hit)
Bryan Johnston to second
Batting: LHB Jimmy Edlin 0-0: Called Strike
Bryan Johnston is caught stealing 3rd base 2-5
Xavier Castaneda to second
0-1: Ball
1-1: Ball
2-1: Foul Ball, location: 2F
2-2: Ball
3-2: Base on Balls
Batting: RHB Elijah Hunter 0-0: Called Strike
0-1: SINGLE (Flyball, 7LS, EV 91.9 MPH)
Xavier Castaneda to third
Jimmy Edlin to second
Runner from 3rd tries for Home, SAFE, throw by LF to home
Batting: RHB Marty King 0-0: Ball
1-0: Called Strike
1-1: Swinging Strike
1-2: Strikes out looking
Batting: SHB Paskar Adegoke 0-0: Called Strike
0-1: Called Strike
0-2: DOUBLE (Line Drive, 89D, EV 103.8 MPH)
Jimmy Edlin scores
Elijah Hunter to third
Runner from 3rd tries for Home, SAFE, throw by RF to trailing runner, OUT at third! 9-3-5
Bottom of the 6th over - 3 runs, 4 hits, 0 errors, 0 left on base; Norfolk 4 - Fresno 5
TOP OF THE 7TH
Norfolk Tides batting - Pitching for Fresno Grizzlies : LHP Curt Joseph
Pitching: RHP Alex Salinas
Batting: RHB Mario Saez 0-0: Ball
1-0: Foul Ball, location: 2F
1-1: Ball
2-1: Swinging Strike
2-2: Ground out 6-3 (Groundball, 6, EV 105.6 MPH)
Batting: SHB Ben Pierce 0-0: Swinging Strike
0-1: Foul Ball, location: 2F
0-2: Ball
1-2: Strikes out looking
Batting: RHB Travis Carter 0-0: Called Strike
0-1: Foul Ball, location: 2F
0-2: Ball
1-2: Ball
2-2: Ground out 5-3 (Groundball, 5L, EV 86.9 MPH)
Top of the 7th over - 0 runs, 0 hits, 0 errors, 0 left on base; Norfolk 4 - Fresno 5
BOTTOM OF THE 7TH
Fresno Grizzlies batting - Pitching for Norfolk Tides : RHP Matt Talaski
Pitching: RHP Ryan Hemmerich
Batting: RHB Mark Marks 0-0: Ball
1-0: Called Strike
1-1: Ball
2-1: Fly out, F7 (Line Drive, 7, EV 90.6 MPH)
Batting: RHB Nick Deegan 0-0: Ball
1-0: Ground out 5-3 (Groundball, 56S, EV 82.5 MPH)
Batting: RHB Edgar Trejo 0-0: Ball
1-0: Foul Ball, location: 2F
1-1: DOUBLE (Flyball, 8LXD, EV 103.8 MPH)
Batting: SHB Bryan Johnston 0-0: Ball
1-0: SINGLE (Line Drive, 8LS, EV 93.8 MPH)
Edgar Trejo to third
Runner from 3rd tries for Home, SAFE, throw by CF to home
Batting: RHB Xavier Castaneda 0-0: Ball
1-0: Fly out, F8 (Line Drive, 8RM, EV 86.2 MPH)
Bottom of the 7th over - 1 run, 2 hits, 0 errors, 1 left on base; Norfolk 4 - Fresno 6
TOP OF THE 8TH
Norfolk Tides batting - Pitching for Fresno Grizzlies : RHP Alex Salinas
Pitching: LHP Mike Cobb
Pinch Hitting: RHB Bobby Melillo 0-0: Ball
1-0: Swinging Strike
1-1: Swinging Strike
1-2: Strikes out swinging
Pitching: RHP Bill Garcia
Batting: RHB Bobby Scholl 0-0: Ball
1-0: Swinging Strike
1-1: Ball
2-1: Ball
3-1: Foul Ball, location: 2F
3-2: Strikes out looking
Pinch Hitting: LHB Pat Shaddock 0-0: Foul Ball, location: 2F
0-1: Called Strike
0-2: Foul Ball, location: 2F
0-2: Foul Ball, location: 2F
0-2: Ball
1-2: Ground out 6-3 (Groundball, 6, EV 88.1 MPH)
Top of the 8th over - 0 runs, 0 hits, 0 errors, 0 left on base; Norfolk 4 - Fresno 6
BOTTOM OF THE 8TH
Fresno Grizzlies batting - Pitching for Norfolk Tides : RHP Ryan Hemmerich
Now at 3B: Bobby Melillo
Now in CF: Pat Shaddock
Batting: LHB Jimmy Edlin 0-0: Ball
1-0: Ball
2-0: Fly out, F4 (Line Drive, 4, EV 70.0 MPH)
Batting: RHB Elijah Hunter 0-0: Ball
1-0: Foul Ball, location: 2F
1-1: Ball
2-1: Swinging Strike
2-2: Foul Ball, location: 2F
2-2: Ball
3-2: Base on Balls
Batting: RHB Marty King 0-0: Ball
1-0: Grounds into double play, 6-4-3 (Groundball, 56, EV 80.0 MPH)
Bottom of the 8th over - 0 runs, 0 hits, 0 errors, 0 left on base; Norfolk 4 - Fresno 6
TOP OF THE 9TH
Norfolk Tides batting - Pitching for Fresno Grizzlies : RHP Bill Garcia
Pitching: RHP Bobby Leija
Batting: RHB Kory Sanchez 0-0: Ball
1-0: Ball
2-0: SINGLE (Line Drive, 9S, EV 100.0 MPH)
Batting: RHB Muneer Maudad 0-0: Ball
1-0: Ball
2-0: Foul Ball, location: 2F
2-1: Ball
3-1: Base on Balls
Kory Sanchez to second
Batting: LHB Wes Goscinski 0-0: Ball
1-0: Swinging Strike
1-1: Ball
2-1: SINGLE (Line Drive, 78S, EV 97.5 MPH)
Kory Sanchez to third
Muneer Maudad to second
Batting: RHB Mario Saez 0-0: Ball
1-0: Called Strike
1-1: Foul Ball, location: 2F
1-2: Strikes out swinging
Batting: SHB Ben Pierce 0-0: Foul Ball, location: 2F
0-1: Swinging Strike
0-2: Ball
1-2: Strikes out swinging
Batting: RHB Travis Carter 0-0: Foul Ball, location: 2F
0-1: Foul Ball, location: 2F
0-2: Strikes out looking
Top of the 9th over - 0 runs, 2 hits, 0 errors, 3 left on base; Norfolk 4 - Fresno 6
Tuesday, March 28th , 2023 - OOTP Baseball 23.10 Build 110